 Dungeon Crawl Stone Soup version 0.29.0-4-gdea44cf6ec (webtiles) character file.

Game seed: 15138292257764729556

11564 qw the Cleaver (level 11, -6/89 HPs)
             Began as a Demonspawn Cinder Acolyte on Sept 8, 2022.
             Was a Believer of Okawaru.
             Mangled by a fire elemental (7 damage)
             ... created by the fiery vengeance of Ignis
             ... on level 11 of the Dungeon.
             The game lasted 00:04:32 (14649 turns).

qw the Cleaver (Demonspawn Cinder Acolyte)         Turns: 14649, Time: 00:04:32

Health: -6/89      AC: 23    Str: 18    XL:     11   Next: 51%
Magic:  13/14      EV: 11    Int: 24    God:    Okawaru [**....]
Gold:   570        SH:  0    Dex:  6    Spells: 12/12 levels left

rFire   . . .      SeeInvis .   r - +2 war axe (flame)
rCold   . . .      Faith    .   (no shield)
rNeg    . . .      Spirit   .   s - +0 plate armour
rPois   +          Reflect  .   a - +1 helmet of Boredom {rPois Int+8 Dex-3 Stlth+}
rElec   .          Harm     .   (cloak unavailable)
rCorr   .          Rampage  .   m - +0 pair of gloves
Will    .....                   (no boots)
Stlth   ..........              b - amulet of Propriety {Acrobat Stlth+}
HPRegen 0.24/turn               i - +4 ring of protection
MPRegen 0.14/turn               t - +4 ring of evasion

@: heroic, fire susceptible
A: spiny 1, weakness stinger 3
a: Renounce Religion, Heroism


You were on level 11 of the Dungeon.
You worshipped Okawaru.
Okawaru was pleased with you.
You visited 2 branches of the dungeon, and saw 12 of its levels.

You collected 570 gold pieces.


Innate Abilities, Weirdness & Mutations

You are partially covered in sharp spines.
You have a sharp stinger which inflicts weakening toxins.


   Skills:
 - Level 9.0(14.0) Fighting
 + Level 13.0(18.0) Axes
 - Level 7.0(12.0) Armour
 - Level 2.1(7.1) Dodging
 - Level 1.0 Spellcasting
 - Level 2.6 Fire Magic
 - Level 4.0 Invocations


You had 12 spell levels left.
You didn't know any spells.
Your spell library contained the following spells:

 Spells                   Type           Power      Damage    Failure   Level
 Scorch                   Fire           28%        2d6       77%         2

Inventory:

Hand Weapons
 r - a +2 war axe of flaming (weapon)
Armour
 a - the +1 helmet of Boredom (worn) {rPois Int+8 Dex-3 Stlth+}
   (You acquired it on level 10 of the Dungeon)

   Int:       It affects your intelligence (+8).
   Dex:       It affects your dexterity (-3).
   rPois:     It protects you from poison.
   Stlth:     It makes you more stealthy.
 c - a +0 helmet
 e - the +0 plate armour of Molih {-Tele rF+++ rCorr Str+6}
   (You acquired it on level 3 of the Dungeon)

   Str:       It affects your strength (+6).
   rF:        It renders you almost immune to fire.
   -Tele:     It prevents most forms of teleportation.
   rCorr:     It protects you from acid and corrosion.
 m - a +0 pair of gloves (worn)
 s - a +0 plate armour (worn)
Jewellery
 b - the amulet of Propriety (around neck) {Acrobat Stlth+}
   (You acquired it on level 5 of the Dungeon)

   [amulet of the acrobat]

   It increases your evasion while moving and waiting.
   Stlth:     It makes you more stealthy.
 i - a +4 ring of protection (left hand)
 t - a +4 ring of evasion (right hand)
Scrolls
 d - 4 scrolls of identify
Potions
 f - 3 potions of curing
 j - 2 potions of might
 n - 4 potions of mutation
 o - 3 potions of haste

Dungeon Overview and Level Annotations

Branches:
Dungeon (11/15)            Temple (1/1) D:6            Lair (0/5) D:11
    Orc: D:9-12

Altars:
Ashenzari
Cheibriados
Dithmenos
Fedhas
Gozag
Hepliaklqana
Kikubaaqudgha
Makhleb
Nemelex Xobeh
Okawaru
Qazlal
Ru
Sif Muna
Uskayaw
Vehumet
Wu Jian
Xom
Yredelemnul
Lugonu

Shops:
D:5 [

Portals:
Trove: D:10 (give 11 potions of heal wounds)

Annotations:
D:3 2 transporters, qw's ghost, amateur MiFi
D:4 2 transporters


Message History

You hit the green ugly thing. You burn the green ugly thing.
The green ugly thing is heavily wounded.
The green ugly thing tail-slaps you!
You closely miss the green ugly thing.
Your tail-slap misses the green ugly thing.
The green ugly thing is heavily wounded.
You closely miss the fire elemental. You barely miss the fire elemental.
The fire elemental misses you.
The fire elemental is struck by your spines.
The fire elemental hits you. The fire elemental burns you!
You closely miss the green ugly thing.
Your tail-slap misses the green ugly thing.
The green ugly thing is heavily wounded.
You closely miss the fire elemental. x2
The fire elemental hits you. The fire elemental burns you!
The fire elemental is struck by your spines.
The fire elemental hits you. The fire elemental burns you!
The green ugly thing misses you.
You hit the green ugly thing but do no damage.
The green ugly thing is heavily wounded.
You slash the fire elemental! You hit the fire elemental.
The fire elemental is struck by your spines.
The fire elemental closely misses you. x2
The green ugly thing tail-slaps you but does no damage.
You barely miss the fire elemental.
The fire elemental is severely damaged.
You slash the green ugly thing! You burn the green ugly thing.
You barely miss the fire elemental.
The fire elemental closely misses you. x2
The green ugly thing is struck by your spines.
The green ugly thing tail-slaps you!
You closely miss the green ugly thing.
You tail-slap the green ugly thing, but do no damage.
The green ugly thing is severely wounded.
You slash the fire elemental!
You hit the fire elemental but do no damage.
The fire elemental hits you. The fire elemental burns you!
The fire elemental is struck by your spines.
The fire elemental hits you. The fire elemental burns you!
You die...

~~~.))...%##..##.....# .
~~~~~)).#)%%..###...##
~.~~~....%###.# ##.##
..~~~~....# #.# #.##
.~~~~~~...# #.# ...
.~~~~~~...###.###=.#####
.~~~~~~.......0.........
.~~~~~~........E>.0.....
~~~~.......Eu@E#
.#########


You could see a green ugly thing and 3 fire elementals.

Vanquished Creatures
  A two-headed ogre (D:11)
  Psyche (D:11)
  2 kobold demonologists (D:9)
  Grinder (D:3)
  2 hornets
  3 trolls
  A shadow (D:11)
  4 wyverns
  A water elemental (D:11)
  13 yaks
  6 fire elementals
  3 vampire mosquitoes (D:11)
  An acid dragon (D:9)
  3 water moccasins
  An ice beast (D:6)
  6 orc warriors
  A black bear (D:6)
  5 wolves (D:11)
  3 centaurs
  A phantom (D:6)
  7 bullfrogs
  2 kobold brigands (D:9)
  2 necrophages
  Blork the orc (D:6)
  3 scorpions
  18 wights
  15 killer bees
  9 howler monkeys
  7 hounds
  A jelly (D:6)
  7 orc priests
  3 gnoll boudas
  An iguana (D:5)
  Natasha (thrice) (D:4)
  9 orc wizards
  Robin (D:3)
  21 gnolls
  11 adders
  2 shadow imps (D:6)
  An ufetubus (D:4)
  A worm (D:2)
  A dart slug (D:5)
  34 orcs
  5 endoplasms
  2 giant cockroaches
  13 goblins
  5 hobgoblins
  6 quokkas
  9 ball pythons
  7 bats
  5 frilled lizards
  14 kobolds
  3 rats
288 creatures vanquished.

Notes
Turn   | Place    | Note
-------+----------+-------------------------------------------
     0 | D:1      | qw the Demonspawn Cinder Acolyte began the quest for the
                  | Orb.
     0 | D:1      | Reached XP level 1. HP: 18/18 MP: 2/2
     0 | D:1      | 0 ||| qw: Version: 0.1-a-112-g44dc6cd
     0 | D:1      | 0 ||| qw: Game counter: 6686
     0 | D:1      | 0 ||| qw: Always use a shield: true
     0 | D:1      | 0 ||| qw: God list: Okawaru
     0 | D:1      | 0 ||| qw: Allow faded altars: false
     0 | D:1      | 0 ||| qw: Do Orc after D:15 true
     0 | D:1      | 0 ||| qw: Do second Lair branch before Depths: true
     0 | D:1      | 0 ||| qw: Lair rune preference: random
     0 | D:1      | 0 ||| qw: Plans: Normal
     0 | D:1      | 0 ||| PLANNING D:1-11
   181 | D:1      | Reached skill level 3 in Axes
   191 | D:1      | 191 ||| INVOKING Fiery Armour.
   193 | D:1      | Gained mutation: You have a small tail. [demonic ancestry]
   193 | D:1      | Reached XP level 2. HP: 11/24 MP: 3/3
   399 | D:1      | 399 ||| INVOKING Fiery Armour.
   566 | D:1      | 566 ||| Stepping ~*~*~tactically~*~*~ (stealth).
   709 | D:1      | 709 ||| SWAPPING to +1 hand axe of flaming.
   710 | D:1      | 710 ||| DROPPING -1 hand axe of flaming.
   838 | D:1      | Found a faded altar of an unknown god.
  1048 | D:1      | 1048 ||| READING scroll labelled JINISK HEUMMEP.
  1049 | D:1      | 1049 ||| READING 2 scrolls labelled JAUTEY NAROH.
  1050 | D:1      | 1050 ||| READING scroll labelled TOWUAKKIRCHA.
  1051 | D:1      | 1051 ||| READING scroll labelled VELUXO LASOFF.
  1052 | D:1      | 1052 ||| READING scroll labelled QUL MYVIANO.
  1082 | D:2      | 1082 ||| Stepping ~*~*~tactically~*~*~ (stealth).
  1086 | D:2      | 1086 ||| Stepping ~*~*~tactically~*~*~ (stealth).
  1110 | D:2      | 1110 ||| Stepping ~*~*~tactically~*~*~ (stealth).
  1120 | D:2      | HP: 5/24 [quokka (2)]
  1121 | D:2      | 1121 ||| INVOKING Fiery Armour.
  1408 | D:2      | 1408 ||| INVOKING Fiery Armour.
  1409 | D:2      | Reached XP level 3. HP: 13/29 MP: 4/4
  1671 | D:2      | 1671 ||| FLEEEEING.
  1680 | D:2      | 1680 ||| FLEEEEING.
  1681 | D:2      | 1681 ||| FLEEEEING.
  1682 | D:2      | 1682 ||| STAIRDANCE
  1766 | D:1      | 1766 ||| READING scroll labelled PUERAULE YN ALLOMM.
  1767 | D:1      | 1767 ||| READING 2 scrolls of identify.
  1767 | D:1      | 1767 ||| IDENTIFYING golden potion
  1768 | D:1      | 1768 ||| DROPPING potion of lignification.
  1771 | D:2      | 1771 ||| STAIRDANCE
  1822 | D:2      | 1822 ||| STAIRDANCE
  1983 | D:2      | Reached skill level 4 in Axes
  2168 | D:2      | Reached skill level 1 in Dodging
  2769 | D:2      | 2769 ||| UPGRADING to +0 chain mail.
  2779 | D:2      | 2779 ||| DROPPING +0 robe.
  2780 | D:2      | 2780 ||| UPGRADING to +0 helmet.
  2785 | D:2      | 2785 ||| READING scroll labelled VISIVE PIGUUCS.
  2790 | D:2      | 2790 ||| DRINKING 3 cyan potions.
  2916 | D:3      | Reached skill level 1 in Armour
  2916 | D:3      | Gained mutation: You are partially covered in sharp spines.
                  | [demonic ancestry]
  2916 | D:3      | Reached XP level 4. HP: 35/35 MP: 5/5
  2927 | D:3      | Found a sacrificial altar of Ru.
  3026 | D:3      | 3026 ||| Stepping ~*~*~tactically~*~*~ (stealth).
  3179 | D:3      | Found a transporter.
  3184 | D:3      | Noticed qw's ghost (amateur MiFi)
  3231 | D:3      | Found a transporter.
  3346 | D:3      | Noticed Robin
  3347 | D:3      | 3347 ||| Stepping ~*~*~tactically~*~*~ (hiding).
  3363 | D:3      | Killed Robin
  3527 | D:3      | Noticed Grinder
  3537 | D:3      | Killed Grinder
  3538 | D:3      | Reached skill level 6 in Axes
  3538 | D:3      | Reached XP level 5. HP: 22/41 MP: 6/6
  3538 | D:3      | Reached XP level 6. HP: 25/47 MP: 7/7
  3704 | D:3      | 3704 ||| READING scroll labelled XITECA BOUK.
  3705 | D:3      | 3705 ||| READING scroll labelled FAUGAE DESITZ.
  3705 | D:3      | Identified a scroll of acquirement
  3705 | D:3      | 3705 ||| ACQUIRING +0 plate armour of Molih {-Tele rF+++
                  | rCorr Str+6}
  3705 | D:3      | Acquired the +0 plate armour of Molih {-Tele rF+++ rCorr
                  | Str+6}
  3707 | D:3      | 3707 ||| READING scroll labelled TOAKLA NARCH.
  3708 | D:3      | 3708 ||| READING scroll labelled ZACAFU TOMILA.
  3709 | D:3      | 3709 ||| READING scroll labelled CYORAN HAT QIR.
  3710 | D:3      | 3710 ||| READING 2 scrolls of identify.
  3710 | D:3      | 3710 ||| IDENTIFYING fuming white potion
  3711 | D:3      | 3711 ||| DROPPING potion of berserk rage.
  3712 | D:3      | 3712 ||| Stepping randomly (stuck).
  3713 | D:3      | 3713 ||| Stepping ~*~*~tactically~*~*~ (cloud).
  4048 | D:4      | Found a stormy altar of Qazlal.
  4048 | D:4      | Noticed a hornet
  4049 | D:4      | Noticed a two-headed ogre
  4050 | D:4      | Found a transporter.
  4050 | D:4      | Found a snail-covered altar of Cheibriados.
  4084 | D:4      | 4084 ||| Stepping ~*~*~tactically~*~*~ (stealth).
  4086 | D:4      | 4086 ||| Stepping ~*~*~tactically~*~*~ (hiding).
  4087 | D:4      | 4087 ||| Stepping ~*~*~tactically~*~*~ (hiding).
  4108 | D:4      | 4108 ||| DRINKING 4 potions of curing.
  4108 | D:4      | 4108 ||| (to cure confusion)
  4279 | D:4      | 4279 ||| Stepping ~*~*~tactically~*~*~ (stealth).
  4281 | D:4      | 4281 ||| Stepping ~*~*~tactically~*~*~ (stealth).
  4287 | D:4      | 4287 ||| Stepping ~*~*~tactically~*~*~ (stealth).
  4381 | D:4      | 4381 ||| Stepping ~*~*~tactically~*~*~ (hiding).
  4382 | D:4      | 4382 ||| Stepping ~*~*~tactically~*~*~ (hiding).
  4383 | D:4      | 4383 ||| INVOKING Fiery Armour.
  4392 | D:4      | Reached XP level 7. HP: 25/55 MP: 8/8
  4394 | D:4      | HP: 12/55 [gnoll/+0 halberd (2)]
  4660 | D:4      | 4660 ||| DROPPING +0 club.
  4914 | D:4      | 4914 ||| INVOKING Fiery Armour.
  4918 | D:4      | Reached skill level 7 in Axes
  5097 | D:4      | Noticed Natasha
  5099 | D:4      | 5099 ||| INVOKING Fiery Armour.
  5100 | D:4      | Killed Natasha
  5102 | D:4      | 5102 ||| DRINKING 3 potions of curing.
  5102 | D:4      | 5102 ||| (to cure confusion)
  5211 | D:4      | 5211 ||| FLEEEEING.
  5212 | D:4      | 5212 ||| FLEEEEING.
  5213 | D:4      | 5213 ||| FLEEEEING.
  5230 | D:4      | 5230 ||| FLEEEEING.
  5231 | D:4      | 5231 ||| FLEEEEING.
  5243 | D:4      | 5243 ||| Stepping ~*~*~tactically~*~*~ (stealth).
  5249 | D:4      | Noticed Natasha
  5250 | D:4      | 5250 ||| Stepping ~*~*~tactically~*~*~ (stealth).
  5255 | D:4      | Killed Natasha
  5347 | D:4      | Noticed Natasha
  5353 | D:4      | Killed Natasha
  5354 | D:4      | Gained mutation: You have a tail ending in a sharp stinger.
                  | [demonic ancestry]
  5354 | D:4      | Reached XP level 8. HP: 60/61 MP: 9/9
  5423 | D:4      | Found a transporter.
  5542 | D:4      | 5542 ||| UPGRADING to +0 cloak.
  5547 | D:4      | 5547 ||| UPGRADING to +0 pair of gloves.
  5552 | D:4      | 5552 ||| DROPPING ring of flight.
  5553 | D:4      | 5553 ||| UPGRADING to +4 ring of protection.
  5554 | D:4      | 5554 ||| DRINKING 2 bubbling clear potions.
  5555 | D:4      | 5555 ||| DRINKING 2 metallic red potions.
  5556 | D:4      | 5556 ||| READING 3 scrolls of identify.
  5556 | D:4      | 5556 ||| IDENTIFYING fuming brown potion
  5557 | D:4      | 5557 ||| DROPPING potion of flight.
  5558 | D:4      | 5558 ||| DROPPING potion of magic.
  5572 | D:5      | Entered Level 5 of the Dungeon
  5572 | D:5      | Found Juosmu Peof's Armour Boutique.
  5578 | D:5      | 5578 ||| READING scroll of acquirement.
  5578 | D:5      | 5578 ||| ACQUIRING amulet of Propriety {Acrobat Stlth+}
  5578 | D:5      | Acquired the amulet of Propriety {Acrobat Stlth+}
  5580 | D:5      | 5580 ||| UPGRADING to amulet of Propriety {Acrobat Stlth+}.
  5742 | D:5      | Reached skill level 3 in Armour
  5745 | D:5      | Reached skill level 8 in Axes
  5846 | D:5      | Found a broken altar of Ashenzari.
  5879 | D:5      | Found a sparkling altar of Nemelex Xobeh.
  6106 | D:5      | 6106 ||| SWAPPING to +0 war axe.
  6200 | D:5      | 6200 ||| DROPPING +1 vorpal hand axe.
  6312 | D:5      | Reached skill level 9 in Axes
  6459 | D:5      | 6459 ||| Stepping ~*~*~tactically~*~*~ (hiding).
  6581 | D:5      | 6581 ||| Stepping ~*~*~tactically~*~*~ (hiding).
  7001 | D:5      | 7001 ||| READING scroll labelled FYUKKY YFINUIBB.
  7002 | D:5      | 7002 ||| DRINKING 2 fizzy inky potions.
  7003 | D:5      | 7003 ||| READING 3 scrolls of identify.
  7003 | D:5      | 7003 ||| IDENTIFYING murky red potion
  7138 | D:6      | Found a staircase to the Ecumenical Temple.
  7182 | D:6      | Reached XP level 9. HP: 68/69 MP: 10/10
  7191 | D:6      | Identified the +7 dagger of Darkness {vorpal, rPois rN+
                  | SInv}
  7274 | D:6      | Noticed Blork the orc
  7275 | D:6      | 7275 ||| Stepping ~*~*~tactically~*~*~ (hiding).
  7276 | D:6      | 7276 ||| Stepping ~*~*~tactically~*~*~ (hiding).
  7277 | D:6      | 7277 ||| Stepping ~*~*~tactically~*~*~ (hiding).
  7278 | D:6      | 7278 ||| INVOKING Fiery Armour.
  7282 | D:6      | Killed Blork the orc
  7283 | D:6      | Reached skill level 6 in Fighting
  7303 | D:6      | 7303 ||| Stepping ~*~*~tactically~*~*~ (stealth).
  7468 | D:6      | 7468 ||| Stepping ~*~*~tactically~*~*~ (hiding).
  7502 | D:6      | Found an ancient bone altar of Kikubaaqudgha.
  7750 | D:6      | 7750 ||| READING scroll labelled CAAR KESHRA.
  7751 | D:6      | 7751 ||| READING 2 scrolls of identify.
  7751 | D:6      | 7751 ||| IDENTIFYING bubbling sapphire potion
  7827 | D:7      | 7827 ||| Stepping ~*~*~tactically~*~*~ (stealth).
  7836 | D:7      | Reached skill level 10 in Axes
  7838 | D:7      | 7838 ||| Stepping ~*~*~tactically~*~*~ (stealth).
  7839 | D:7      | 7839 ||| Stepping ~*~*~tactically~*~*~ (stealth).
  8028 | D:7      | 8028 ||| Stepping ~*~*~tactically~*~*~ (stealth).
  8029 | D:7      | 8029 ||| Stepping ~*~*~tactically~*~*~ (stealth).
  8031 | D:7      | 8031 ||| Stepping ~*~*~tactically~*~*~ (stealth).
  8032 | D:7      | 8032 ||| Stepping ~*~*~tactically~*~*~ (stealth).
  8098 | D:7      | 8098 ||| DRINKING 3 potions of curing.
  8098 | D:7      | 8098 ||| (to cure confusion)
  8171 | D:7      | 8171 ||| Stepping ~*~*~tactically~*~*~ (hiding).
  8344 | D:7      | Identified the +1 ring mail "Ikonilley" {rElec rPois Str+3
                  | Int-4}
  8346 | D:7      | 8346 ||| Stepping ~*~*~tactically~*~*~ (stealth).
  8349 | D:7      | 8349 ||| Stepping ~*~*~tactically~*~*~ (stealth).
  8354 | D:7      | 8354 ||| Stepping ~*~*~tactically~*~*~ (stealth).
  8355 | D:7      | 8355 ||| FLEEEEING.
  8356 | D:7      | 8356 ||| FLEEEEING.
  8357 | D:7      | 8357 ||| FLEEEEING.
  8358 | D:7      | 8358 ||| FLEEEEING.
  8359 | D:7      | 8359 ||| FLEEEEING.
  8360 | D:7      | 8360 ||| FLEEEEING.
  8362 | D:7      | 8362 ||| FLEEEEING.
  8363 | D:7      | 8363 ||| FLEEEEING.
  8364 | D:7      | 8364 ||| FLEEEEING.
  8365 | D:7      | 8365 ||| FLEEEEING.
  8366 | D:7      | 8366 ||| FLEEEEING.
  8371 | D:7      | 8371 ||| FLEEEEING.
  8372 | D:7      | 8372 ||| FLEEEEING.
  8373 | D:7      | 8373 ||| FLEEEEING.
  8374 | D:7      | 8374 ||| FLEEEEING.
  8375 | D:7      | 8375 ||| FLEEEEING.
  8376 | D:7      | 8376 ||| FLEEEEING.
  8377 | D:7      | 8377 ||| FLEEEEING.
  8378 | D:7      | 8378 ||| FLEEEEING.
  8379 | D:7      | 8379 ||| FLEEEEING.
  8380 | D:7      | 8380 ||| FLEEEEING.
  8381 | D:7      | 8381 ||| FLEEEEING.
  8383 | D:7      | 8383 ||| STAIRDANCE
  8487 | D:6      | 8487 ||| READING 4 scrolls of identify.
  8487 | D:6      | 8487 ||| IDENTIFYING lumpy white potion
  8488 | D:6      | 8488 ||| DROPPING potion of brilliance.
  8508 | D:7      | 8508 ||| INVOKING Fiery Armour.
  8512 | D:7      | 8512 ||| FLEEEEING.
  8513 | D:7      | 8513 ||| STAIRDANCE
  8710 | D:7      | 8710 ||| STAIRDANCE
  8770 | D:7      | 8770 ||| DROPPING +0 flail.
  8775 | D:7      | 8775 ||| SWAPPING to +2 war axe.
  8776 | D:7      | 8776 ||| DROPPING +0 war axe.
  8804 | D:7      | Found a burning altar of Makhleb.
  8889 | D:7      | 8889 ||| Stepping ~*~*~tactically~*~*~ (stealth).
  9138 | D:7      | 9138 ||| UPGRADING to +1 ring mail "Ikonilley" {rElec rPois
                  | Str+3 Int-4}.
  9169 | D:8      | 9169 ||| Stepping ~*~*~tactically~*~*~ (hiding).
  9172 | D:8      | 9172 ||| Stepping ~*~*~tactically~*~*~ (hiding).
  9173 | D:8      | 9173 ||| INVOKING Fiery Armour.
  9260 | D:8      | Reached skill level 11 in Axes
  9319 | D:8      | Gained mutation: You have a sharp stinger which inflicts
                  | weakening toxins. [demonic ancestry]
  9319 | D:8      | Reached XP level 10. HP: 47/79 MP: 11/11
  9582 | D:8      | 9582 ||| Stepping ~*~*~tactically~*~*~ (hiding).
  9782 | D:8      | 9782 ||| Stepping ~*~*~tactically~*~*~ (stealth).
  9783 | D:8      | 9783 ||| Stepping ~*~*~tactically~*~*~ (stealth).
  9801 | D:8      | 9801 ||| Stepping ~*~*~tactically~*~*~ (stealth).
  9833 | D:8      | Found a blossoming altar of Fedhas.
  9873 | D:8      | 9873 ||| Stepping ~*~*~tactically~*~*~ (hiding).
  9975 | D:8      | 9975 ||| Stepping ~*~*~tactically~*~*~ (hiding).
 10045 | D:8      | 10045 ||| Stepping ~*~*~tactically~*~*~ (hiding).
 10147 | D:8      | 10147 ||| Stepping ~*~*~tactically~*~*~ (hiding).
 10249 | D:8      | 10249 ||| Stepping ~*~*~tactically~*~*~ (hiding).
 10298 | D:8      | 10298 ||| INVOKING Fiery Armour.
 10299 | D:8      | 10299 ||| Stepping ~*~*~tactically~*~*~ (hiding).
 10300 | D:8      | 10300 ||| Stepping ~*~*~tactically~*~*~ (hiding).
 10327 | D:8      | 10327 ||| Stepping ~*~*~tactically~*~*~ (stealth).
 10339 | D:8      | 10339 ||| Stepping ~*~*~tactically~*~*~ (stealth).
 10439 | D:8      | 10439 ||| Stepping ~*~*~tactically~*~*~ (stealth).
 10445 | D:8      | 10445 ||| Stepping ~*~*~tactically~*~*~ (stealth).
 10447 | D:8      | 10447 ||| Stepping ~*~*~tactically~*~*~ (stealth).
 10928 | D:8      | 10928 ||| Stepping ~*~*~tactically~*~*~ (hiding).
 10929 | D:8      | 10929 ||| Stepping ~*~*~tactically~*~*~ (hiding).
 10930 | D:8      | 10930 ||| Stepping ~*~*~tactically~*~*~ (hiding).
 10931 | D:8      | 10931 ||| Stepping ~*~*~tactically~*~*~ (hiding).
 11129 | D:8      | 11129 ||| DROPPING +0 chain mail.
 11130 | D:8      | 11130 ||| DROPPING +0 cloak.
 11131 | D:8      | 11131 ||| UPGRADING to +0 plate armour.
 11141 | D:8      | 11141 ||| DROPPING +1 ring mail "Ikonilley" {rElec rPois
                  | Str+3 Int-4}.
 11142 | D:8      | 11142 ||| UPGRADING to +4 ring of evasion.
 11177 | D:7      | Noticed a rust devil
 11177 | D:7      | Noticed a rust devil
 11178 | D:7      | 11178 ||| INVOKING Fiery Armour.
 11192 | D:7      | 11192 ||| READING 2 scrolls of teleportation.
 11192 | D:7      | HP: 16/80 [rust devil (12)]
 11193 | D:7      | 11193 ||| DRINKING 2 potions of heal wounds.
 11579 | D:9      | 11579 ||| Stepping ~*~*~tactically~*~*~ (stealth).
 11713 | D:9      | 11713 ||| Stepping ~*~*~tactically~*~*~ (stealth).
 11714 | D:9      | 11714 ||| Stepping ~*~*~tactically~*~*~ (stealth).
 11719 | D:9      | 11719 ||| Stepping ~*~*~tactically~*~*~ (stealth).
 11727 | D:9      | 11727 ||| Stepping ~*~*~tactically~*~*~ (stealth).
 11728 | D:9      | 11728 ||| Stepping ~*~*~tactically~*~*~ (stealth).
 11761 | D:9      | 11761 ||| Stepping ~*~*~tactically~*~*~ (stealth).
 11766 | D:9      | 11766 ||| Stepping ~*~*~tactically~*~*~ (hiding).
 11778 | D:9      | Reached skill level 6 in Armour
 11811 | D:9      | 11811 ||| Stepping ~*~*~tactically~*~*~ (stealth).
 11813 | D:9      | 11813 ||| Stepping ~*~*~tactically~*~*~ (hiding).
 11999 | D:9      | 11999 ||| Stepping ~*~*~tactically~*~*~ (stealth).
 12026 | D:9      | 12026 ||| READING scroll of brand weapon.
 12026 | D:9      | 12026 ||| BRANDING +2 war axe.
 12027 | D:9      | 12027 ||| DROPPING +0 morningstar.
 12071 | D:9      | 12071 ||| FLEEEEING.
 12072 | D:9      | 12072 ||| FLEEEEING.
 12073 | D:9      | 12073 ||| FLEEEEING.
 12086 | D:9      | 12086 ||| INVOKING Fiery Armour.
 12088 | D:9      | Reached skill level 12 in Axes
 12101 | D:9      | 12101 ||| FLEEEEING.
 12102 | D:9      | 12102 ||| FLEEEEING.
 12103 | D:9      | 12103 ||| FLEEEEING.
 12104 | D:9      | 12104 ||| FLEEEEING.
 12105 | D:9      | 12105 ||| FLEEEEING.
 12106 | D:9      | 12106 ||| FLEEEEING.
 12443 | D:9      | Found a shimmering altar of Xom.
 12444 | D:9      | 12444 ||| PLANNING TEMPLE
 12444 | D:9      | 12444 ||| DRINKING 2 coppery potions.
 12445 | D:9      | 12445 ||| DROPPING potion of attraction.
 12547 | Temple   | Entered the Ecumenical Temple
 12554 | Temple   | 12554 ||| PLANNING CONVERSION TO OKAWARU
 12561 | Temple   | Fell from the grace of Ignis
 12561 | Temple   | Became a worshipper of Warmaster Okawaru
 12562 | Temple   | 12562 ||| PLANNING D:1-11
 12562 | Temple   | 12562 ||| DROPPING amulet of guardian spirit.
 12671 | D:9      | 12671 ||| Stepping ~*~*~tactically~*~*~ (stealth).
 12854 | D:9      | Found an opulent altar of Gozag.
 12893 | D:10     | Entered Level 10 of the Dungeon
 12949 | D:10     | Reached XP level 11. HP: 41/86 MP: 12/12
 13282 | D:10     | Found a portal to a secret trove of treasure.
 13313 | D:10     | 13313 ||| Stepping ~*~*~tactically~*~*~ (stealth).
 13314 | D:10     | 13314 ||| Stepping ~*~*~tactically~*~*~ (stealth).
 13315 | D:10     | 13315 ||| Stepping ~*~*~tactically~*~*~ (stealth).
 13322 | D:10     | 13322 ||| Stepping ~*~*~tactically~*~*~ (stealth).
 13362 | D:10     | 13362 ||| Stepping ~*~*~tactically~*~*~ (hiding).
 13363 | D:10     | 13363 ||| Stepping ~*~*~tactically~*~*~ (hiding).
 13374 | D:10     | Reached * piety under Okawaru
 13534 | D:10     | 13534 ||| INVOKING Heroism.
 13790 | D:10     | 13790 ||| READING scroll of acquirement.
 13790 | D:10     | 13790 ||| ACQUIRING +1 helmet of Boredom {rPois Int+8 Dex-3
                  | Stlth+}
 13790 | D:10     | Acquired the +1 helmet of Boredom {rPois Int+8 Dex-3
                  | Stlth+}
 13792 | D:10     | 13792 ||| UPGRADING to +1 helmet of Boredom {rPois Int+8
                  | Dex-3 Stlth+}.
 13942 | D:10     | Reached skill level 13 in Axes
 14318 | D:11     | 14318 ||| Stepping ~*~*~tactically~*~*~ (stealth).
 14323 | D:11     | Reached skill level 1 in Invocations
 14326 | D:11     | 14326 ||| Stepping ~*~*~tactically~*~*~ (stealth).
 14328 | D:11     | 14328 ||| Stepping ~*~*~tactically~*~*~ (stealth).
 14332 | D:11     | 14332 ||| Stepping ~*~*~tactically~*~*~ (stealth).
 14334 | D:11     | 14334 ||| Stepping ~*~*~tactically~*~*~ (stealth).
 14342 | D:11     | Noticed Psyche
 14343 | D:11     | 14343 ||| INVOKING Heroism.
 14356 | D:11     | Reached skill level 3 in Invocations
 14360 | D:11     | Killed Psyche
 14363 | D:11     | Reached ** piety under Okawaru
 14369 | D:11     | 14369 ||| INVOKING Heroism.
 14370 | D:11     | Found a staircase to the Lair.
 14371 | D:11     | Noticed a two-headed ogre
 14377 | D:11     | Reached skill level 9 in Fighting
 14382 | D:11     | Killed a two-headed ogre
 14388 | D:11     | HP: 20/89 [electric eel/bolt of electricity (4)]
 14389 | D:11     | 14389 ||| READING scroll of teleportation.
 14390 | D:11     | 14390 ||| DRINKING potion of heal wounds.
 14391 | D:11     | 14391 ||| INVOKING Heroism.
 14581 | D:11     | 14581 ||| INVOKING Heroism.
 14633 | D:11     | Noticed a green ugly thing
 14634 | D:11     | 14634 ||| INVOKING Heroism.
 14648 | D:11     | HP: 13/89 [green ugly thing (10)]
 14649 | D:11     | HP: 1/89 [fire elemental[the fiery vengeance of Ignis]
                  | (12)]
 14649 | D:11     | Mangled by a fire elemental

Levels and vault maps discovered:
D:1:      dpeg_arrival_rooms_b, layout_rooms, hellmonk_ecumenical_altar_run_dry,
          minmay_misc_feat_plants
D:2:      layout_basic, lemuel_old_faithful
D:3:      layout_basic, nicolae_ru_awakened_eye, gammafunk_ghost_stat_death,
          uniq_robin, uniq_grinder
D:4:      layout_basic, gammafunk_temple_overflow_arena,
          minmay_fractal_squares_5, uniq_natasha
D:5:      layout_basic, nemelex_xobeh_ov_fountains_minmay,
          ashenzari_conservatory_becter, kennysheep_mini_moat, serial_shops,
          shop, kennysheep_donut, minivault_14
D:6:      layout_loops_cross, nicolae_kikubaaqudgha_miasma_corner,
          minmay_temple_entry_hall, uniq_blork_the_orc
D:7:      cheibrodos_iron_armory, layout_loops_cross, lemuel_crystal_altar
D:8:      layout_basic, lemuel_doored_altar, enter_bailey_8,
          kennysheep_generic_room_8
D:9:      layout_basic, mainiacjoe_overflow_boulevard, minitemple
D:10:     layout_stronghold, nicolae_trove_entry_crossroad,
          amcnicky_mini_pool_small
D:11:     layout_loops_ring, erik_lair_island, orc_david_3,
          amcnicky_mini_corridor_feature, uniq_psyche
Temple:   corrupted_temple

Skill      XL: |  1  2  3  4  5  6  7  8  9 10 11 |
---------------+----------------------------------+-----
Axes           | 3 4 6 7 9 11 12 13 | 13.0
Dodging        | 1 2 |  2.1
Armour         | 1 2 4 6 7 |  7.0
Fighting       | 4 5 7 8 9 |  9.0
Invocations    | 4 |  4.0
Spellcasting   | |  1.0
Fire Magic     | |  2.6

Action                   |  1- 3 |  4- 6 |  7- 9 | 10-12 || total
-------------------------+-------+-------+-------+-------++-------
Melee: Hand axe          |   120 |    92 |   113 |       ||   325
       Tailslap          |     6 |    12 |    34 |    36 ||    88
       Punch             |       |       |     5 |     3 ||     8
       War axe           |       |       |   166 |   303 ||   469
Invok: Fiery Armour      |     4 |     1 |     5 |     3 ||    13
       Heroism           |       |       |       |     6 ||     6
  Use: Scroll            |     8 |     6 |     7 |     4 ||    25
       Potion            |     1 |     1 |     5 |     3 ||    10
 Stab: Invisible         |       |       |       |     2 ||     2
Armor: Robe              |    21 |       |       |       ||    21
       Chain mail        |     9 |    47 |   112 |       ||   168
       Ring mail         |       |       |     5 |    36 ||    41
       Plate armour      |       |       |       |   134 ||   134
Dodge: Dodged            |    60 |    27 |    99 |   136 ||   322

Table legend:
 A = Non-vault XP
 B = Vault XP
 C = Vault XP percentage of total XP
 D = Non-vault monster count
 E = Vault monster count
 F = Vault count percentage of total count
                 A         B        C        D         E       F
            +---------+---------+-------+---------+---------+-------
      Total |   14210 |    2311 |  14.0 |     254 |      28 |   9.9
            +---------+---------+-------+---------+---------+-------
        D:1 |      28 |       0 |   0.0 |      19 |       0 |   0.0
        D:2 |      48 |       0 |   0.0 |      14 |       0 |   0.0
        D:3 |      45 |     313 |  87.4 |      22 |       8 |  26.7
        D:4 |     875 |     144 |  14.1 |      31 |       7 |  18.4
        D:5 |    1006 |       0 |   0.0 |      30 |       0 |   0.0
        D:6 |     814 |      85 |   9.5 |      13 |       1 |   7.1
        D:7 |    1570 |     259 |  14.2 |      24 |       2 |   7.7
        D:8 |    2008 |     199 |   9.0 |      39 |       1 |   2.5
        D:9 |    2727 |       0 |   0.0 |      26 |       0 |   0.0
       D:10 |    2564 |       0 |   0.0 |      16 |       0 |   0.0
       D:11 |    2525 |    1311 |  34.2 |      20 |       9 |  31.0
            +---------+---------+-------+---------+---------+-------
